 Dungeon Crawl Stone Soup version 0.24-a0-70-gf44d0c5 (webtiles) character file.

Game seed: 17903860199811875038

147596 Mgcat the Severer (level 17, 0/113 HPs)
             Began as a Tengu Berserker on Feb 5, 2019.
             Was a High Priest of Trog.
             Slain by a water elemental (11 damage)
             ... summoned by Ilsuiw
             ... on level 3 of the Shoals on Feb 6, 2019.
             The game lasted 01:26:50 (32979 turns).

Mgcat the Severer (Tengu Berserker)                Turns: 32979, Time: 01:26:51

Health: 0/113      AC: 28    Str: 25    XL:     17   Next: 47%
Magic:  25/25      EV: 14    Int:  9    God:    Trog [*****.]
Gold:   69         SH:  0    Dex: 18    Spells: 16/16 levels left

rFire    + + +     SeeInvis +   a - +9 battleaxe (elec)
rCold    + . .     Gourm    .   (shield currently unavailable)
rNeg     . . .     Faith    .   N - +7 plate armour of Impressiveness {rElec Int-3 Dex+3 SInv}
rPois    .         Spirit   .   y - +0 hat of the Duchess {Str+3 Int+3}
rElec    +         Reflect  .   t - +0 cloak
rCorr    .         Harm     .   U - +5 pair of gloves of Xaefociu {*Drain rF++}
MR       +....     Rnd*Rage +   (boots unavailable)
Stlth    ..........             (no amulet)
HPRegen  0.28/turn              n - ring of protection from fire {rF+, !d}
MPRegen  0.19/turn              O - ring of protection from cold {rC+, !d}

@: about to teleport, engulfed (cannot breathe), flying quickly and evasively,
mesmerised, very slightly contaminated, quick
A: beak, talons 3, berserk 1, mutation resistance 1, able to fly
a: Stop Flying, Berserk, Trog's Hand, Brothers in Arms, Renounce Religion


You were on level 3 of the Shoals.
You worshipped Trog.
Trog was extremely pleased with you.
You were not hungry.

You visited 4 branches of the dungeon, and saw 26 of its levels.
You visited the Abyss 1 time.
You also visited: Bailey and Ice Cave.

You collected 2625 gold pieces.
You spent 2556 gold pieces at shops.

Inventory:

Hand Weapons
 a - a +9 battleaxe of electrocution (weapon)
   (You took it off Blork the orc on level 4 of the Dungeon)
 b - the +9 shortbow of Cimouty {flame, rC+ Int+2}
   (You found it on level 6 of the Lair of Beasts)

   It causes projectiles fired from it to burn those they strike, causing extra
   injury to most foes and up to half again as much damage against particularly
   susceptible opponents.
   It affects your intelligence (+2).
   It protects you from cold.
 x - a +5 longbow of flaming
   (Trog gifted it to you on level 15 of the Dungeon)
 M - a +6 executioner's axe of electrocution
   (Trog gifted it to you on level 4 of the Lair of Beasts)
Missiles
 Q - 662 arrows
 X - 2 throwing nets {=f, !d}
Armour
 t - a +0 cloak (worn)
   (You found it on level 7 of the Dungeon)
 y - the +0 hat of the Duchess (worn) {Str+3 Int+3}
   (You bought it in a shop on level 2 of the Orcish Mines)

   It affects your strength (+3).
   It affects your intelligence (+3).
 N - the +7 plate armour of Impressiveness (worn) {rElec Int-3 Dex+3 SInv}
   (You found it on level 4 of the Lair of Beasts)

   It affects your intelligence (-3).
   It affects your dexterity (+3).
   It insulates you from electricity.
   It lets you see invisible.
 U - the +5 pair of gloves of Xaefociu (worn) {*Drain rF++}
   (You found it in a bailey)

   It greatly protects you from fire.
   It causes draining when unequipped.
Jewellery
 k - an uncursed ring of positive energy {rN+}
   (You took it off a centaur on level 13 of the Dungeon)
 n - a ring of protection from fire (left hand) {rF+, !d}
   (You found it on level 3 of the Dungeon)
 w - an uncursed ring of protection from fire {rF+, !d}
   (You found it on level 8 of the Dungeon)
 K - an uncursed ring of resist corrosion
   (You found it on level 2 of the Lair of Beasts)
 O - a ring of protection from cold (right hand) {rC+, !d}
   (You found it on level 6 of the Lair of Beasts)
Wands
 d - a wand of clouds (2)
   (You found it on level 14 of the Dungeon)
 h - a wand of scattershot (2)
   (You found it on level 6 of the Lair of Beasts)
 m - a wand of paralysis (11)
   (You found it on level 3 of the Dungeon)
 p - a wand of iceblast (1)
   (You found it on level 5 of the Lair of Beasts)
 A - a wand of digging (8)
   (You found it on level 11 of the Dungeon)
 B - a wand of polymorph (6)
   (You took it off an orc priest on level 12 of the Dungeon)
 H - a wand of acid (4)
   (You found it on level 14 of the Dungeon)
Scrolls
 o - 10 scrolls of remove curse
 q - 4 scrolls of magic mapping {!r}
 s - a scroll of fear
 v - a scroll of acquirement
 C - 3 scrolls of summoning
 D - 2 scrolls of enchant armour
 F - 6 scrolls of teleportation
 J - a scroll of silence
 L - a scroll of blinking {!r}
 R - 3 scrolls of fog
 W - 5 scrolls of identify
Potions
 f - 12 potions of curing
 g - a potion of heal wounds
 i - 2 potions of mutation {!q}
 j - 3 potions of haste
 l - 4 potions of lignification {!q}
 r - 2 potions of resistance
 u - 3 potions of berserk rage {!q}
 z - a potion of agility
 E - 2 potions of cancellation
 G - 2 potions of invisibility
 P - 2 potions of ambrosia
 S - 2 potions of might
Miscellaneous
 e - a phial of floods (inert)
   (You found it on level 4 of the Lair of Beasts)
Comestibles
 c - 44 rations


   Skills:
 + Level 15.0 Fighting
 - Level 20.0 Axes
 + Level 14.0 Bows
 + Level 8.0 Armour
 + Level 8.0 Dodging
   Level 2.0 Shields
 - Level 10.0 Evocations


You had 16 spell levels left.
You didn't know any spells.
Your spell library was empty.

Dungeon Overview and Level Annotations

Branches:
Dungeon (15/15)            Temple (0/1) D:4            Lair (6/6) D:10
 Shoals (3/4) Lair:2        Snake (0/4) Lair:2        Slime (0/5) Lair:6
    Orc (2/2) D:11            Elf (0/3) Orc:2        Vaults (0/5) D:13
 Depths (0/5) D:15

Altars:
Ashenzari
Cheibriados
Dithmenos
Fedhas
Gozag
Nemelex Xobeh
Okawaru
Ru
Trog
Uskayaw
Wu Jian
Xom
Yredelemnul
The Shining One
Beogh
Jiyva

Shops:
D:4 :   D:6 [?}*   D:15 *   Orc:1 !   Orc:2 ?[%[

Annotations:
D:4 1 runed translucent door, Duffy's ghost, amateur NaGl
D:6 1 runed translucent door, exclusion: oklob plant
D:10 3 runed translucent doors, poirepourri's ghost, novice MiFi
D:11 2 transporters, Orphidia's ghost, journeyman GnEn
Shoals:3 1 transporter, Ilsuiw


Innate Abilities, Weirdness & Mutations

You have a beak for a mouth.
You have claws for feet.
You can fly continuously.
You tend to lose your temper in combat.
You are somewhat resistant to further mutation.


Message History

Unknown command.
Unknown command.
Unknown command.
As you read the scroll of teleportation, it crumbles to dust.
You feel strangely unstable.
The faun shouts! x2
The faun seems to regain its courage.
The tentacle slaps something.
The tentacle slaps something!
Your merfolk barely misses something.
Your sea snake bites the water elemental!
The faun shoots a stone.
The stone hits you but does no damage.
You hear a splash.
The faun shoots a stone.
The stone hits you.
* * * LOW HITPOINT WARNING * * *
The tentacle slaps something.
Unknown command.
Unknown command.
Unknown command.
Unknown command.
Unknown command.
Unknown command.
You take 1 damage, and have 22/113 hp.
Spoiler Alert: The wind drake (wandering) can cast Airstrike and push you away!
You are in flight!
Unknown command.
Lua error: [string "/dgldir/rcfiles/crawl-git/Mgcat.rc"]:926: invalid capture index Unknown command.
Unknown command.
Unknown command.
Unknown command.
Unknown command.
Unknown command.
Unknown command.
Spoiler Alert: The wind drake (wandering) can cast Airstrike and push you away!
You are in flight!
Unknown command.
Lua error: [string "/dgldir/rcfiles/crawl-git/Mgcat.rc"]:926: invalid capture index Unknown command.
Unknown command.
Unknown command.
Unknown command.
Unknown command.
Spoiler Alert: The wind drake (wandering) can cast Airstrike and push you away!
You are in flight!
Really read
L - 2 scrolls of blinking {!r}?
Blink to where?
Press: ? - help, Dir - move target cursor You are very lightly contaminated with residual magic.
As you read the scroll of blinking {!r}, it crumbles to dust.
Unknown command.
Unknown command.
Unknown command.
Evoke which item? (* to show all) (? for menu, Esc to quit)
Aiming: Paralyse
Press: ? - help, Shift-Dir - straight line, f - kraken
Aim: a kraken (water, lightly wounded, chance to defeat MR: 37%)
Okay, then.
Unknown command.
Evoke which item? (* to show all) (? for menu, Esc to quit)
Aiming: Paralyse
Press: ? - help, Shift-Dir - straight line, f - kraken
Aim: a kraken (water, lightly wounded, chance to defeat MR: 37%)
The kraken resists with some effort.
You feel your health improve.
The water elemental hits your sea snake!
The water elemental engulfs your sea snake in water!
Your sea snake barely misses the water elemental.
Evoke which item? (* to show all) (? for menu, Esc to quit)
Aiming: Paralyse
Press: ? - help, Shift-Dir - straight line, f/p - kraken
Aim: a kraken (water, lightly wounded, chance to defeat MR: 37%)
The kraken suddenly stops moving!
Your surroundings suddenly seem different.
Ilsuiw, Witch of the Tides comes into view.
She is wielding a +5 trident of freezing.
Ilsuiw shouts!
A merfolk javelineer comes into view. It is wielding a +3 spear of flaming.
The merfolk javelineer shouts!
A merfolk siren comes into view. It is wielding a +0 spear.
The merfolk javelineer throws a javelin.
The javelin hits you but does no damage.
You hear a splash.
A snapping turtle comes into view.
The merfolk siren chants a haunting song.
You resist with almost no effort. The water elemental misses you.
Ilsuiw hits you but does no damage.
You hear a splash.
A merfolk siren comes into view. It is wielding a +0 spear.
Danger x4: death yak x4!
Unknown command.
Unknown command.
Unknown command.
Unknown command.
Unknown command.
As you read the scroll of teleportation, it crumbles to dust.
You feel strangely unstable. The water elemental hits you!
* * * LOW HITPOINT WARNING * * *
The water elemental engulfs you in water!
The merfolk javelineer throws a javelin.
The javelin closely misses you.
You hear a splash.
The merfolk siren chants a haunting song.
You are mesmerised by the merfolk siren!
The water elemental hits you!
You die...

.........
≈≈≈≈≈≈≈≈≈≈≈≈≈≈≈.........
≈≈≈≈≈≈≈≈≈≈≈≈≈≈≈..≈......
≈≈≈≈≈≈≈≈≈≈≈≈≈≈≈..≈≈.....
≈≈≈≈≈≈≈≈≈≈≈≈≈≈≈≈.≈≈.....
≈≈≈≈≈≈≈≈≈≈≈≈≈≈≈≈≈≈≈...).
≈≈≈≈≈≈m≈≈≈m≈≈≈≈..≈≈.....
≈≈≈≈≈≈≈≈≈≈≈≈≈≈≈.≈≈≈.....
≈≈≈m≈≈≈@≈≈≈≈≈≈≈≈≈≈≈.....
≈≈≈≈≈≈EE≈≈≈≈≈≈≈.≈≈≈.....
≈≈≈≈≈≈≈≈≈≈≈≈≈≈≈≈.≈......
≈≈≈t≈≈≈≈≈≈m≈≈≈≈≈........
≈≈≈≈≈≈≈≈≈≈≈≈≈≈≈≈≈...÷...
≈≈Y≈≈≈≈≈≈≈≈≈≈≈≈≈≈.......
≈≈YY≈≈≈≈≈≈≈≈≈≈≈≈≈.......
≈Y≈≈≈≈≈≈≈≈≈≈≈≈≈.≈......>
≈≈≈≈≈≈≈≈......


You could see Ilsuiw (invisible), a merfolk javelineer, 4 death yaks, a snapping
turtle, 2 water elementals and 2 merfolk sirens.

Vanquished Creatures
  A bone dragon (Abyss:3)
  A tentacled starspawn (Abyss:3)
  2 krakens
  A cacodemon (Abyss:3)
  Nessos (D:13)
  Azrael (D:14)
  4 ogre magi (Orc:2)
  A merfolk impaler (Shoals:1)
  Josephine (Orc:1)
  Fannar (Lair:2)
  An ice dragon (Orc:2)
  5 hydras
  5 centaur warriors
  A merfolk avatar (Shoals:2)
  A merfolk aquamancer (Shoals:2)
  22 two-headed ogres
  3 tengu warriors
  3 death yaks
  A thrashing horror (Abyss:3)
  Nergalle (Orc:1)
  Sonja (Orc:2)
  11 sea snakes
  An unseen horror (D:14)
  5 orc knights
  3 necromancers
  8 harpies (Shoals:1)
  2 wizards
  A harpy (shapeshifter) (D:15)
  3 fauns
  8 orc sorcerers
  A deep elf mage (D:15)
  A wolf spider zombie (D:14)
  11 ugly things
  5 cyclopes
  6 manticores
  A wolf spider (D:15)
  6 elephants (Lair:2)
  6 merfolk sirens
  2 black mambas
  A torpor snail (Lair:2)
  A guardian serpent (Abyss:3)
  4 ice statues (IceCv)
  An apocalypse crab (Abyss:3)
  A water nymph (Shoals:2)
  A smoke demon (Abyss:3)
  28 spiny frogs
  8 yaktaurs (D:15)
  5 komodo dragons
  A freezing wraith (D:14)
  2 kobold demonologists
  2 tengu conjurers
  3 ancient zymes (Abyss:3)
  11 trolls
  8 ice devils (IceCv)
  3 wind drakes
  10 merfolk
  A polar bear (shapeshifter) (D:14)
  A wolf spider simulacrum (D:15)
  2 polar bears (Orc:2)
  Prince Ribbit (D:6)
  3 tyrant leeches (Lair:6)
  8 dream sheep
  19 blink frogs
  3 hornets
  8 slime creatures
  A meliai zombie (D:14)
  10 hippogriffs
  3 raiju (Abyss:3)
  4 snapping turtles (Shoals:2)
  3 flying skulls (Abyss:3)
  Sigmund (D:4)
  34 yaks
  5 water elementals (Shoals:2)
  2 shadows
  A vampire (D:15)
  A ynoxinul (Abyss:3)
  3 fire elementals (D:14)
  4 wraiths (Orc:1)
  A human (D:8)
  2 wyverns
  3 hogs (D:8)
  5 basilisks
  A neqoxec (Abyss:3)
  18 vampire mosquitoes
  4 hungry ghosts
  Menkaure (D:7)
  2 nagas (Lair:2)
  5 wargs
  An acid dragon (D:12)
  A hell hound (D:14)
  13 water moccasins
  6 porcupines
  3 sky beasts
  24 orc warriors
  2 black bears
  A hornet zombie (D:15)
  7 ice beasts
  An eye of draining (D:15)
  2 phantoms
  2 necrophages
  15 centaurs
  12 wolves
  38 ogres
  11 crocodiles
  4 big kobolds
  Blork the orc (D:4)
  25 bullfrogs
  A wyvern zombie (D:15)
  2 gnoll sergeants (D:8)
  2 troll zombies (D:11)
  A wyvern skeleton (D:13)
  2 scorpions (D:6)
  A water moccasin skeleton (D:6)
  22 wights
  8 killer bees
  9 electric eels
  3 howler monkeys
  5 crimson imps
  4 centaur zombies
  4 quasits
  3 bullfrog zombies
  3 jellies
  7 centaur skeletons
  29 orc priests
  4 bullfrog skeletons
  4 hounds
  17 orc wizards
  An iron imp (Abyss:3)
  6 iguanas
  6 hell rats (Lair:4)
  3 troll simulacra (IceCv)
  13 worker ants
  2 spriggan simulacra (IceCv)
  A killer bee zombie (D:6)
  3 centaur simulacra (IceCv)
  6 ogre zombies (D:11)
  2 hound skeletons
  10 adders
  16 gnolls
  A naga simulacrum (IceCv)
  An ogre simulacrum (IceCv)
  9 shadow imps
  2 oozes
  3 worms
  2 dart slugs
  2 leopard geckos (D:8)
  94 orcs
  7 bats
  13 giant cockroaches
  12 hobgoblins
  11 jackals
  2 quokkas
  2 ball pythons
  3 frilled lizards
  18 goblins
  A goblin skeleton (D:11)
  4 goblin zombies (D:11)
  A hobgoblin skeleton (D:11)
  A hobgoblin zombie (D:11)
  21 kobolds
  A leopard gecko skeleton (D:4)
  2 orc skeletons (D:11)
  16 orc zombies (D:11)
  5 rats
  A bush (Lair:5)
  3 fungi
  2 plants (Lair:5)
  A starspawn tentacle (Abyss:3)
  6 tentacles
1005 creatures vanquished.

Vanquished Creatures (collateral kills)
  Louise (D:14)
  An orc warlord (Orc:2)
  An orc sorcerer (Abyss:3)
  4 orc warriors
  2 orc priests
  2 orcs (Orc:1)
11 creatures vanquished.

Vanquished Creatures (others)
  An orc (D:12)
  14 fungi
  33 plants
  3 starspawn tentacles (Abyss:3)
  20 tentacles
71 creatures vanquished.

Grand Total: 1087 creatures vanquished

Notes
Turn   | Place    | Note
-------+----------+-------------------------------------------
     0 | D:1      | Mgcat the Tengu Berserker began the quest for the Orb.
     0 | D:1      | Reached XP level 1. HP: 14/14 MP: 2/2
   636 | D:1      | Reached XP level 2. HP: 10/19 MP: 3/3
   901 | D:1      | Reached XP level 3. HP: 23/23 MP: 4/4
  1276 | D:2      | Found a snail-covered altar of Cheibriados.
  1279 | D:2      | Found an iron altar of Okawaru.
  1296 | D:2      | Reached ** piety under Trog
  1361 | D:2      | Reached XP level 4. HP: 28/28 MP: 5/5
  1366 | D:2      | Reached skill level 1 in Shields
  1964 | D:3      | Reached skill level 3 in Dodging
  1982 | D:3      | Reached skill level 3 in Armour
  2048 | D:3      | Reached skill level 4 in Axes
  2419 | D:3      | Gained mutation: You can fly continuously. [Tengu growth]
  2419 | D:3      | Reached XP level 5. HP: 32/32 MP: 6/6
  2445 | D:3      | Found a glowing golden altar of the Shining One.
  2667 | D:3      | Found a bloodstained altar of Trog.
  2670 | D:3      | Found an opulent altar of Gozag.
  2673 | D:3      | Found an ornate altar of the Wu Jian Council.
  2920 | D:4      | Noticed Blork the orc
  2926 | D:4      | Killed Blork the orc
  2926 | D:4      | Reached skill level 2 in Shields
  2926 | D:4      | Reached XP level 6. HP: 38/38 MP: 7/7
  2960 | D:4      | Found a runed translucent door.
  3008 | D:4      | Reached skill level 4 in Fighting
  3052 | D:4      | Noticed Sigmund
  3068 | D:4      | HP: 9/38 [something (3)]
  3069 | D:4      | Killed Sigmund
  3069 | D:4      | Reached skill level 4 in Armour
  3069 | D:4      | Reached skill level 4 in Dodging
  3202 | D:4      | Reached *** piety under Trog
  3202 | D:4      | Reached XP level 7. HP: 30/44 MP: 8/8
  3210 | D:4      | Noticed Duffy's ghost (amateur NaGl)
  3301 | D:4      | Found a staircase to the Ecumenical Temple.
  3407 | D:4      | Found Yraeq's Book Boutique.
  3414 | D:4      | Reached skill level 5 in Axes
  3425 | D:4      | HP: 11/44 [poisoned by an adder]
  3431 | D:4      | HP: 10/44 [poisoned by an adder]
  3868 | D:4      | Found a shimmering altar of Xom.
  3916 | D:4      | Found a basalt altar of Yredelemnul.
  3974 | D:5      | Entered Level 5 of the Dungeon
  4170 | D:5      | Found a sparkling altar of Nemelex Xobeh.
  4523 | D:5      | Reached skill level 5 in Fighting
  4702 | D:6      | Found Lesen's Assorted Antiques.
  4718 | D:6      | Bought a scroll labeled TUIJ LOALU for 29 gold pieces
  4733 | D:6      | Reached skill level 5 in Armour
  4733 | D:6      | Reached skill level 5 in Dodging
  4733 | D:6      | Reached XP level 8. HP: 47/49 MP: 9/9
  4736 | D:6      | Reached skill level 6 in Axes
  4787 | D:6      | Found a blossoming altar of Fedhas.
  4800 | D:6      | Noticed an oklob plant
  4955 | D:6      | Reached skill level 7 in Axes
  4955 | D:6      | Reached skill level 1 in Evocations
  5010 | D:6      | Found a sacrificial altar of Ru.
  5012 | D:6      | Found Mekonirph's Magic Scroll Boutique.
  5034 | D:6      | Bought a scroll of enchant armour for 90 gold pieces
  5059 | D:6      | Reached skill level 2 in Evocations
  5257 | D:6      | Reached skill level 3 in Evocations
  5261 | D:6      | Found a runed translucent door.
  5262 | D:6      | Found a runed translucent door.
  5268 | D:6      | Reached **** piety under Trog
  5273 | D:6      | Reached skill level 8 in Axes
  5277 | D:6      | Reached XP level 9. HP: 38/54 MP: 12/12
  5279 | D:6      | Reached skill level 4 in Evocations
  5385 | D:6      | Found Bukusom's Gadget Boutique.
  5430 | D:6      | Found Xoqous's Armour Boutique.
  5663 | D:6      | Noticed Prince Ribbit
  5667 | D:6      | Found Asuasirph's General Store.
  5671 | D:6      | Killed Prince Ribbit
  5671 | D:6      | Received a gift from Trog
  6037 | D:7      | Reached skill level 5 in Evocations
  6087 | D:7      | Noticed Menkaure
  6105 | D:7      | Killed Menkaure
  6105 | D:7      | Reached skill level 9 in Axes
  6251 | D:7      | Found a shattered altar of Ashenzari.
  6260 | D:7      | Got a glittering ruby amulet
  6261 | D:7      | Identified the amulet "Kaiczuupp" {Inacc rElec rF+ Dex+2}
                  | (You found it on level 7 of the Dungeon)
  6321 | D:7      | Reached skill level 10 in Axes
  6642 | D:7      | Found a shattered altar of Ashenzari.
  6924 | D:8      | Reached skill level 11 in Axes
  7006 | D:8      | Reached XP level 10. HP: 59/59 MP: 14/14
  7187 | D:8      | Reached skill level 12 in Axes
  7302 | D:8      | Reached ***** piety under Trog
  7464 | D:8      | Noticed a two-headed ogre
  7467 | D:8      | Killed a two-headed ogre
  7686 | D:8      | Reached skill level 13 in Axes
  7975 | D:9      | Received a gift from Trog
  8253 | D:10     | Entered Level 10 of the Dungeon
  8295 | D:10     | Found a runed translucent gate.
  8295 | D:10     | Found a runed translucent gate.
  8295 | D:10     | Found a runed translucent gate.
  8295 | D:10     | Noticed a kobold demonologist
  8295 | D:10     | Noticed a kobold demonologist
  8297 | D:10     | Noticed a kobold demonologist
  8310 | D:10     | Reached skill level 14 in Axes
  8318 | D:10     | Reached XP level 11. HP: 57/64 MP: 15/15
  8318 | D:10     | Reached skill level 6 in Fighting
  8488 | D:10     | Reached skill level 7 in Fighting
  8658 | D:10     | Reached skill level 8 in Fighting
  8996 | D:10     | Noticed a brown ugly thing
  9004 | D:10     | Killed a brown ugly thing
  9274 | D:10     | Noticed poirepourri's ghost (novice MiFi)
  9320 | D:10     | Found a staircase to the Lair.
  9465 | D:11     | Reached skill level 9 in Fighting
  9512 | D:11     | Noticed an eight-headed hydra
  9527 | D:11     | Killed an 11-headed hydra
  9552 | D:11     | Found a transporter.
  9552 | D:11     | Noticed Orphidia's ghost (journeyman GnEn)
  9572 | D:11     | Received a gift from Trog
  9577 | D:11     | Reached skill level 10 in Fighting
  9823 | D:11     | Found a staircase to the Orcish Mines.
  9932 | D:11     | Found a transporter.
 10048 | D:11     | Noticed a centaur warrior
 10064 | D:11     | HP: 17/72 [centaur warrior (9)]
 10067 | D:11     | Killed a centaur warrior
 10067 | D:11     | Reached skill level 6 in Evocations
 10070 | D:11     | Reached XP level 12. HP: 21/77 MP: 17/17
 10790 | Lair:1   | Entered Level 1 of the Lair of Beasts
 11064 | Lair:1   | Reached skill level 7 in Evocations
 11996 | Lair:2   | Reached skill level 15 in Axes
 12040 | Lair:2   | Noticed a death yak
 12069 | Lair:2   | Noticed a death yak
 12119 | Lair:2   | Reached skill level 8 in Evocations
 12124 | Lair:2   | Killed a death yak
 12128 | Lair:2   | Killed a death yak
 12367 | Lair:2   | Reached skill level 16 in Axes
 12494 | Lair:2   | Found a staircase to the Snake Pit.
 12504 | Lair:2   | Noticed Fannar
 12514 | Lair:2   | Killed Fannar
 12514 | Lair:2   | Reached ****** piety under Trog
 12791 | Lair:2   | Noticed a five-headed hydra
 12802 | Lair:2   | Killed a seven-headed hydra
 12802 | Lair:2   | Reached XP level 13. HP: 71/82 MP: 20/20
 13090 | Lair:2   | Found a staircase to the Shoals.
 13238 | Lair:2   | Found the +18 shield of the Gong {rElec rN+ MR+ EV-5}
 13661 | D:6      | Bought a scroll of acquirement for 624 gold pieces
 14682 | Lair:4   | Received a gift from Trog
 14689 | Lair:4   | Reached skill level 6 in Armour
 14746 | Lair:4   | Reached skill level 17 in Axes
 14757 | Lair:4   | Reached skill level 6 in Dodging
 14987 | Lair:4   | Got a blackened plate armour
 14988 | Lair:4   | Identified the +7 plate armour of Impressiveness {rElec
                  | Int-3 Dex+3 SInv} (You found it on level 4 of the Lair of
                  | Beasts)
 15455 | Lair:5   | HP: 20/83 [poisoned by a spiny frog]
 15460 | Lair:5   | HP: 18/83 [poisoned by a spiny frog]
 15465 | Lair:5   | HP: 17/83 [poisoned by a spiny frog]
 15472 | Lair:5   | HP: 17/83 [poisoned by a spiny frog]
 15480 | Lair:5   | HP: 17/83 [poisoned by a spiny frog]
 16685 | Lair:6   | Entered Level 6 of the Lair of Beasts
 16691 | Lair:6   | Reached skill level 9 in Evocations
 16909 | Lair:6   | Reached skill level 7 in Armour
 16909 | Lair:6   | Reached skill level 7 in Dodging
 17078 | Lair:6   | Reached skill level 11 in Fighting
 17106 | Lair:6   | Found a viscous altar of Jiyva.
 17106 | Lair:6   | Found a staircase to the Slime Pits.
 17321 | Lair:6   | Reached XP level 14. HP: 81/90 MP: 22/22
 17401 | Lair:6   | Received a gift from Trog
 17438 | Lair:6   | Got a dazzling broad axe {god gift}
 17450 | Lair:6   | Identified the +4 broad axe of Melee {vamp, rC+ Int+4}
                  | (Trog gifted it to you on level 6 of the Lair of Beasts)
 17887 | Lair:6   | Reached skill level 8 in Armour
 18033 | Lair:6   | Reached skill level 8 in Dodging
 18405 | Lair:6   | Got a shimmering shortbow
 18406 | Lair:6   | Identified the +9 shortbow of Cimouty {flame, rC+ Int+2}
                  | (You found it on level 6 of the Lair of Beasts)
 19511 | Orc:1    | Entered Level 1 of the Orcish Mines
 19511 | Orc:1    | Found Wafoett's Distillery.
 19511 | Orc:1    | Noticed Nergalle
 19518 | Orc:1    | Killed Nergalle
 19593 | Orc:1    | Reached skill level 1 in Bows
 19615 | Orc:1    | Reached skill level 10 in Evocations
 19633 | Orc:1    | Bought a potion of might for 56 gold pieces
 19633 | Orc:1    | Bought a potion of haste for 140 gold pieces
 19650 | Orc:1    | Found a flagged portal.
 19658 | Bailey   | Entered a bailey
 19754 | Bailey   | Reached skill level 2 in Bows
 19779 | Bailey   | Found an iron altar of Okawaru.
 20003 | Bailey   | Received a gift from Trog
 20082 | Bailey   | Got a pair of faintly glowing gloves
 20084 | Bailey   | Got a pitted chain mail
 20085 | Bailey   | Identified the +5 pair of gloves of Xaefociu {*Drain rF++}
                  | (You found it in a bailey)
 20096 | Bailey   | Identified the +3 chain mail of the Cicada {Int+5} (You
                  | found it in a bailey)
 20241 | Orc:1    | Found a roughly hewn altar of Beogh.
 20278 | Orc:1    | Noticed Josephine
 20286 | Orc:1    | Reached skill level 3 in Bows
 20292 | Orc:1    | Killed Josephine
 20315 | Orc:1    | HP: 19/91 [orc warrior/+0 flail (7)]
 20317 | Orc:1    | HP: 9/91 [orc warrior/+0 flail (8)]
 20828 | Orc:1    | Found a roughly hewn altar of Beogh.
 21110 | Orc:2    | Entered Level 2 of the Orcish Mines
 21124 | Orc:2    | Found a frozen archway.
 21134 | Orc:2    | Reached skill level 18 in Axes
 21134 | Orc:2    | Reached skill level 4 in Bows
 21142 | IceCv    | Entered an ice cave
 21201 | IceCv    | Reached skill level 12 in Fighting
 21979 | Orc:2    | Reached skill level 5 in Bows
 22028 | Orc:2    | Received a gift from Trog
 22082 | Orc:2    | Noticed an orc warlord
 22096 | Orc:2    | Killed an orc warlord
 22216 | Orc:2    | Found a staircase to the Elven Halls.
 22233 | Orc:2    | Noticed Sonja
 22242 | Orc:2    | Killed Sonja
 22242 | Orc:2    | Reached XP level 15. HP: 97/97 MP: 23/23
 22330 | Orc:2    | Reached skill level 6 in Bows
 22813 | Orc:2    | Reached skill level 7 in Bows
 22897 | Orc:2    | Reached skill level 13 in Fighting
 22986 | Orc:2    | Found Osofrut's Magic Scroll Emporium.
 22986 | Orc:2    | Found Gaicoh's Food Shop.
 22987 | Orc:2    | Found Ugemiluff's Antique Armour Shop.
 22987 | Orc:2    | Found Uzebamumm's Armour Shoppe.
 22994 | Orc:2    | Bought a scroll of identify for 34 gold pieces
 22994 | Orc:2    | Bought a scroll of identify for 34 gold pieces
 22997 | Orc:2    | Bought an encrusted hat for 252 gold pieces
 22997 | Orc:2    | Identified the +0 hat of the Duchess {Str+3 Int+3} (You
                  | bought it in a shop on level 2 of the Orcish Mines)
 23149 | Orc:2    | Upgraded the game from 0.24-a0-67-ga78bd38 to
                  | 0.24-a0-70-gf44d0c5
 23417 | D:12     | Received a gift from Trog
 23423 | D:12     | Reached skill level 8 in Bows
 24200 | D:12     | Found a roughly hewn altar of Beogh.
 24857 | D:13     | Reached skill level 19 in Axes
 24910 | D:13     | Found a gate to the Vaults.
 25081 | D:13     | Noticed Nessos
 25086 | D:13     | Killed Nessos
 25090 | D:13     | Reached skill level 9 in Bows
 25662 | Orc:2    | Bought the cursed +1 plate armour "Ihufaf" {+Fly MP+9
                  | Str-3} for 513 gold pieces
 25812 | D:14     | Reached XP level 16. HP: 105/105 MP: 24/24
 26117 | D:14     | Noticed Azrael
 26129 | D:14     | Killed Azrael
 26435 | D:14     | Noticed Louise
 26445 | D:14     | Killed Louise
 26445 | D:14     | Reached skill level 14 in Fighting
 26498 | D:14     | Received a gift from Trog
 26568 | D:14     | Found a shadowy altar of Dithmenos.
 26584 | D:15     | Entered Level 15 of the Dungeon
 26715 | D:15     | Found an opulent altar of Gozag.
 26719 | D:15     | Found Gozag's Platinum Reserve.
 26753 | D:15     | Reached skill level 10 in Bows
 27405 | D:15     | Received a gift from Trog
 27544 | D:15     | Found a staircase to the Depths.
 27615 | D:15     | Found a hide-covered altar of Uskayaw.
 27983 | Shoals:1 | Entered Level 1 of the Shoals
 28542 | Shoals:1 | Reached skill level 11 in Bows
 28574 | Shoals:1 | HP: 26/107 [poisoned by a sea snake]
 28580 | Shoals:1 | HP: 24/107 [poisoned by a sea snake]
 28586 | Shoals:1 | HP: 24/107 [poisoned by a sea snake]
 28594 | Shoals:1 | HP: 24/107 [poisoned by a sea snake]
 28605 | Shoals:1 | HP: 21/107 [manticore (5)]
 29363 | Shoals:1 | Noticed a kraken
 29392 | Shoals:1 | Killed a kraken
 29392 | Shoals:1 | Reached skill level 20 in Axes
 30113 | Shoals:2 | Reached XP level 17. HP: 112/112 MP: 25/25
 30225 | Shoals:2 | Reached skill level 15 in Fighting
 30303 | Shoals:2 | Received a gift from Trog
 30491 | Shoals:2 | Reached skill level 12 in Bows
 30817 | Orc:2    | Bought a brightly glowing plate armour for 784 gold pieces
 30817 | Orc:2    | Identified the +6 plate armour of Satisfaction {rElec} (You
                  | bought it in a shop on level 2 of the Orcish Mines)
 31413 | Shoals:2 | Noticed a kraken
 31757 | Shoals:2 | Killed a kraken
 32390 | Shoals:3 | Reached skill level 13 in Bows
 32473 | Shoals:3 | Found a transporter.
 32499 | Shoals:3 | Cast into level 3 of the Abyss (merfolk impaler)
 32502 | Abyss:3  | Identified the Incunabulum of Heat and Arcane Weapons
 32508 | Abyss:3  | Gained mutation: You tend to lose your temper in combat. [a
                  | cacodemon]
 32573 | Abyss:3  | Noticed a bone dragon
 32588 | Abyss:3  | HP: 27/113 [bone dragon (7)]
 32594 | Abyss:3  | Killed a bone dragon
 32630 | Abyss:3  | Noticed a tentacled starspawn
 32635 | Abyss:3  | Gained mutation: You are somewhat resistant to further
                  | mutation. [a neqoxec]
 32759 | Abyss:3  | Noticed a tentacled starspawn
 32770 | Abyss:3  | Killed a tentacled starspawn
 32932 | Abyss:3  | Reached skill level 14 in Bows
 32939 | Shoals:3 | Escaped the Abyss
 32945 | Shoals:3 | HP: 28/113 [merfolk impaler/+3 trident of distortion (19)]
 32951 | Shoals:3 | HP: 18/113 [satyr/arrow (26)]
 32968 | Shoals:3 | Noticed a kraken
 32971 | Shoals:3 | HP: 23/113 [wind drake/the air (6)]
 32978 | Shoals:3 | Noticed Ilsuiw
 32979 | Shoals:3 | HP: 11/113 [water elemental[Ilsuiw] (12)]
 32979 | Shoals:3 | Slain by a water elemental

Vault maps used:
D:1:      matt_arrival_grand_opening
D:2:      grunt_temple_overflow_open, minmay_heptomino_o4
D:3:      lemuel_round_altar, minmay_overflow_temple_star_quad,
          roderic_nine_men_s_morris
D:4:      tgw_xom, yredelemnul_altar_generic, temple_green, serial_shops, shop,
          ebering_ghost_reflecting_pool, serial_aquarium,
          aquarium_bridge_square, aquarium_bridge_straight,
          aquarium_window_corner, aquarium_window_1, aquarium_window_fake,
          aquarium_window_fake, aquarium_view_2d, aquarium_view_2f,
          uniq_sigmund, uniq_blork_the_orc
D:5:      kennysheep_mini, first_ration
D:6:      lemuel_insect_pit, tgw_fedhas, nicolae_overflow_crystal_walls,
          serial_aquarium, aquarium_bridge_long_joined, aquarium_window_2,
          aquarium_window_1, aquarium_window_2, aquarium_window_1,
          aquarium_view_2g, aquarium_view_2d, aquarium_balcony_5b, serial_shops,
          shop_statue, shop, shop_fountains, shop, shop, lemuel_another_geyser,
          uniq_prince_ribbit1
D:7:      marbit_many_paths, basic_altar, uniq_menkaure
D:8:      grunt_livestock, minmay_checkerbox
D:10:     lair_entry_dummy, gammafunk_ghost_nasty_kobolds
D:11:     zombieorc2_lemuel, gammafunk_ghost_mausoleum
D:12:     layout_basic, gauntlet_entry_generic, special_room [special_room_orc],
          nicolae_wwwww, lemuel_flamethrower_2
D:13:     layout_rooms, david_vaults_1, uniq_nessos
D:14:     layout_rooms, grunt_dithmenos_shadows, uniq_azrael, uniq_louise
D:15:     grunt_enter_depths_magical_seal, layout_gridville, basic_altar,
          minmay_misc_feat_nine_boxes, st_stairs_6,
          nicolae_gozag_zags_fifth_avenue
Lair:1:   beast_lair_carwin_7
Lair:2:   minmay_shoals_entry_lonely_mermaid, guppyfry_snake_entry_island,
          grunt_megastairs_3, uniq_fannar
Lair:3:   chequers_serial_rivers_micro_c
Lair:4:   st_stairs_10, serial_bayou_shore_b
Lair:5:   st_stairs_12, wad_woods_06, chequers_serial_rivers_micro_c
Lair:6:   minmay_lair_end_frog_pond, slime_altar_1, serial_bayou,
          serial_bayou_shore_b, serial_bayou_pond_e, serial_bayou_lagoon_b,
          serial_bayou_pond_a, st_stairs_5, lemuel_fruit_tree
Shoals:1: layout_shoals
Shoals:2: layout_shoals
Shoals:3: gammafunk_its_a_trap, layout_shoals, uniq_ilsuiw, uniq_polyphemus
Orc:1:    nicolae_orc_accident_2, enter_bailey_3, basic_altar, serial_shops,
          shop, uniq_josephine, uniq_nergalle
Orc:2:    st_orc_ogre_mass, portal_ice_cave_entry_animals_and_master, uniq_sonja
Abyss:3:  hangedman_eye_storm, hangedman_abyss_lost_library,
          evilmike_nicolae_abyss_rune_containment_curve
Bailey:   bailey_axe_of_yendor_kennysheep, bailey
IceCv:    ice_cave_tombish

Skill      XL: |  1  2  3  4  5  6  7  8  9 10 11 12 13 14 15 16 17 |
---------------+----------------------------------------------------+-----
Shields        | 1 2 |  2.0
Dodging        | 3 4 5 7 8 |  8.0
Armour         | 3 4 5 7 8 |  8.0
Axes           | 4 5 8 11 14 16 17 18 19 20 | 20.0
Fighting       | 4 5 10 11 12 13 14 15 | 15.0
Evocations     | 3 5 6 8 9 10 | 10.0
Bows           | 5 9 11 14 | 14.0

Action                   |  1- 3 |  4- 6 |  7- 9 | 10-12 | 13-15 | 16-18 || total
-------------------------+-------+-------+-------+-------+-------+-------++-------
Melee: Hand axe          |   108 |   116 |       |       |       |       ||   224
       Kick              |    26 |    44 |    57 |   132 |   303 |   161 ||   723
       Peck              |    16 |    18 |    31 |    77 |   175 |    96 ||   413
       Battleaxe         |       |    13 |   203 |   411 |   837 |   402 ||  1866
 Fire: Shortbow          |       |       |       |       |    27 |   205 ||   232
Throw: Stone             |       |     6 |       |       |       |       ||     6
       Javelin           |       |       |       |     2 |     9 |       ||    11
Invok: Berserk           |     1 |     3 |     6 |    14 |    12 |     1 ||    37
       Trog's Hand       |       |       |       |       |     3 |     2 ||     5
       Brothers in Arms  |       |       |       |       |     2 |     5 ||     7
 Abil: Fly               |       |       |     1 |       |       |     2 ||     3
       Stop Flying       |       |       |       |       |       |     2 ||     2
Evoke: Wand              |       |       |       |     2 |    13 |     9 ||    24
       Phial of floods   |       |       |       |       |       |     2 ||     2
  Use: Scroll            |     1 |     6 |    14 |     5 |    25 |    16 ||    67
       Potion            |       |       |       |     1 |     5 |     6 ||    12
 Stab: Sleeping          |     2 |       |       |       |       |       ||     2
       Paralysed         |       |       |       |     5 |    13 |       ||    18
  Eat: Chunk             |     2 |     8 |    13 |    28 |    46 |    13 ||   110
       Ration            |       |       |     1 |     4 |     2 |     4 ||    11
Armor: Animal skin       |     4 |       |       |       |       |       ||     4
       Chain mail        |    61 |     6 |    52 |   188 |     9 |       ||   316
       Plate armour      |       |    70 |    41 |       |   262 |   255 ||   628
Dodge: Dodged            |    36 |    18 |   100 |   241 |   362 |   253 ||  1010
Block: Shield            |    54 |    50 |       |       |       |       ||   104

Table legend:
 A = Non-vault XP
 B = Vault XP
 C = Vault XP percentage of total XP
 D = Non-vault monster count
 E = Vault monster count
 F = Vault count percentage of total count
                 A         B        C        D         E       F
            +---------+---------+-------+---------+---------+-------
      Total |  139543 |   71309 |  33.8 |     689 |     314 |  31.3
            +---------+---------+-------+---------+---------+-------
        D:1 |      53 |       0 |   0.0 |      22 |       0 |   0.0
        D:2 |      29 |      16 |  35.6 |      16 |       3 |  15.8
        D:3 |      81 |       0 |   0.0 |      15 |       0 |   0.0
        D:4 |     317 |     372 |  54.0 |      16 |       5 |  23.8
        D:5 |     258 |       0 |   0.0 |      20 |       0 |   0.0
        D:6 |    1278 |     548 |  30.0 |      22 |      12 |  35.3
        D:7 |    1142 |     183 |  13.8 |      21 |       2 |   8.7
        D:8 |    2239 |    1172 |  34.4 |      32 |       9 |  22.0
        D:9 |     261 |       0 |   0.0 |       9 |       0 |   0.0
       D:10 |    4910 |       0 |   0.0 |      48 |       0 |   0.0
       D:11 |    5006 |     802 |  13.8 |      28 |      36 |  56.2
       D:12 |    5775 |     433 |   7.0 |      43 |      19 |  30.6
       D:13 |    8001 |    3832 |  32.4 |      26 |       4 |  13.3
       D:14 |    9713 |    3573 |  26.9 |      33 |       7 |  17.5
       D:15 |   15346 |    4261 |  21.7 |      46 |      10 |  17.9
     Lair:1 |    2328 |     962 |  29.2 |      13 |       6 |  31.6
     Lair:2 |   10072 |    2968 |  22.8 |      29 |      10 |  25.6
     Lair:3 |    1197 |       0 |   0.0 |       6 |       0 |   0.0
     Lair:4 |    3017 |     986 |  24.6 |      18 |       2 |  10.0
     Lair:5 |    4674 |     483 |   9.4 |      18 |       4 |  18.2
     Lair:6 |    5837 |   12154 |  67.6 |      17 |      49 |  74.2
   Shoals:1 |   20100 |       0 |   0.0 |      35 |       0 |   0.0
   Shoals:2 |   14238 |       0 |   0.0 |      31 |       0 |   0.0
   Shoals:3 |    2307 |       0 |   0.0 |       5 |       0 |   0.0
      Orc:1 |    4309 |    3040 |  41.4 |      57 |      15 |  20.8
      Orc:2 |    6392 |   23697 |  78.8 |      44 |      50 |  53.2
    Abyss:3 |   10663 |    2356 |  18.1 |      19 |       4 |  17.4
     Bailey |       0 |    4048 | 100.0 |       0 |      44 | 100.0
      IceCv |       0 |    5423 | 100.0 |       0 |      23 | 100.0
            +---------+---------+-------+---------+---------+-------

Vault maps used:
D:1:      matt_arrival_grand_opening
D:2:      grunt_temple_overflow_open, minmay_heptomino_o4
D:3:      lemuel_round_altar, minmay_overflow_temple_star_quad,
          roderic_nine_men_s_morris
D:4:      tgw_xom, yredelemnul_altar_generic, temple_green, serial_shops, shop,
          ebering_ghost_reflecting_pool, serial_aquarium,
          aquarium_bridge_square, aquarium_bridge_straight,
          aquarium_window_corner, aquarium_window_1, aquarium_window_fake,
          aquarium_window_fake, aquarium_view_2d, aquarium_view_2f,
          uniq_sigmund, uniq_blork_the_orc
D:5:      kennysheep_mini, first_ration
D:6:      lemuel_insect_pit, tgw_fedhas, nicolae_overflow_crystal_walls,
          serial_aquarium, aquarium_bridge_long_joined, aquarium_window_2,
          aquarium_window_1, aquarium_window_2, aquarium_window_1,
          aquarium_view_2g, aquarium_view_2d, aquarium_balcony_5b, serial_shops,
          shop_statue, shop, shop_fountains, shop, shop, lemuel_another_geyser,
          uniq_prince_ribbit1
D:7:      marbit_many_paths, basic_altar, uniq_menkaure
D:8:      grunt_livestock, minmay_checkerbox
D:10:     lair_entry_dummy, gammafunk_ghost_nasty_kobolds
D:11:     zombieorc2_lemuel, gammafunk_ghost_mausoleum
D:12:     layout_basic, gauntlet_entry_generic, special_room [special_room_orc],
          nicolae_wwwww, lemuel_flamethrower_2
D:13:     layout_rooms, david_vaults_1, uniq_nessos
D:14:     layout_rooms, grunt_dithmenos_shadows, uniq_azrael, uniq_louise
D:15:     grunt_enter_depths_magical_seal, layout_gridville, basic_altar,
          minmay_misc_feat_nine_boxes, st_stairs_6,
          nicolae_gozag_zags_fifth_avenue
Lair:1:   beast_lair_carwin_7
Lair:2:   minmay_shoals_entry_lonely_mermaid, guppyfry_snake_entry_island,
          grunt_megastairs_3, uniq_fannar
Lair:3:   chequers_serial_rivers_micro_c
Lair:4:   st_stairs_10, serial_bayou_shore_b
Lair:5:   st_stairs_12, wad_woods_06, chequers_serial_rivers_micro_c
Lair:6:   minmay_lair_end_frog_pond, slime_altar_1, serial_bayou,
          serial_bayou_shore_b, serial_bayou_pond_e, serial_bayou_lagoon_b,
          serial_bayou_pond_a, st_stairs_5, lemuel_fruit_tree
Shoals:1: layout_shoals
Shoals:2: layout_shoals
Shoals:3: gammafunk_its_a_trap, layout_shoals, uniq_ilsuiw, uniq_polyphemus
Orc:1:    nicolae_orc_accident_2, enter_bailey_3, basic_altar, serial_shops,
          shop, uniq_josephine, uniq_nergalle
Orc:2:    st_orc_ogre_mass, portal_ice_cave_entry_animals_and_master, uniq_sonja
Abyss:3:  hangedman_eye_storm, hangedman_abyss_lost_library,
          evilmike_nicolae_abyss_rune_containment_curve
Bailey:   bailey_axe_of_yendor_kennysheep, bailey
IceCv:    ice_cave_tombish

Table legend:
 A = Turns spent in this place as a percentage of turns spent in the entire game.
 B = Non-inter-level travel turns spent in this place as a percentage of non-inter-level travel turns spent in the entire game.
 C = Inter-level travel turns spent in this place as a percentage of turns spent in this place.
 D = Turns resting spent in this place as a percentage of non-inter-level travel turns spent in this place.
 E = Turns spent auto-exploring this place as a percentage of non-inter-level travel turns spent in this place.
 F = Non-inter-level travel turns spent in this place divided by the number of levels of this place that you've seen.
                   A       B       C       D       E      F
               +-------+-------+-------+-------+-------+----------------------
         Total | 100.0 | 100.0 |  10.8 |  23.4 |  56.8 | 1013.9
       Dungeon |  50.4 |  49.0 |  13.3 |  18.0 |  63.1 | 960.8
          Lair |  23.9 |  24.2 |   9.8 |  26.6 |  58.0 | 1187.5
        Shoals |  12.5 |  13.2 |   5.8 |  37.3 |  46.2 | 1291.0
  Orcish Mines |   7.8 |   7.5 |  14.2 |  17.5 |  52.0 | 1101.0
         Abyss |   1.3 |   1.5 |   0.0 |  25.5 |  25.9 | 440.0
        Bailey |   1.6 |   1.8 |   0.0 |   1.7 |  53.5 | 518.0
      Ice Cave |   2.5 |   2.8 |   0.0 |  52.0 |  16.8 | 832.0
               +-------+-------+-------+-------+-------+----------------------

Table legend:
 A = Kills in this place as a percentage of kills in entire the game.
 B = Kills by you in this place as a percentage of kills by you in the entire game.
 C = Kills by friends in this place as a percentage of kills by friends in the entire game.
 D = Other kills in this place as a percentage of other kills in the entire game.
 E = Experience gained in this place as a percentage of experience gained in the entire game.
 F = Experience gained in this place divided by the number of levels of this place that you have seen.
                   A       B       C       D       E      F
               +-------+-------+-------+-------+-------+----------------------
         Total | 100.0 | 100.0 | 100.0 |   N/A | 100.0 | 7270.8
       Dungeon |  50.2 |  50.7 |   9.1 |   N/A |  33.0 | 4640.1
          Lair |  17.1 |  17.3 |   0.0 |   N/A |  21.2 | 7446.3
        Shoals |   7.1 |   7.2 |   0.0 |   N/A |  17.4 | 12215.0
  Orcish Mines |  16.6 |  15.8 |  81.8 |   N/A |  17.8 | 18719.0
         Abyss |   2.3 |   2.2 |   9.1 |   N/A |   6.2 | 13019.0
        Bailey |   4.4 |   4.4 |   0.0 |   N/A |   1.9 | 4048.0
      Ice Cave |   2.3 |   2.3 |   0.0 |   N/A |   2.6 | 5423.0
               +-------+-------+-------+-------+-------+----------------------
